 Dungeon Crawl Stone Soup version 0.28-a0-8-g6e044cfa68 (webtiles) character file.

Game seed: 6181461290511202217

145504 Sobieck the Thaumaturge (level 17, -5/189 HPs)
             Began as a Djinni Fire Elementalist on July 22, 2021.
             Was an Elder of Ashenzari.
             Killed from afar by a deep elf sorcerer (25 damage)
             ... with damnation
             ... on level 1 of the Elven Halls on July 23, 2021.
             The game lasted 01:43:06 (31926 turns).

Sobieck the Thaumaturge (Djinni Fire Elementalist) Turns: 31926, Time: 01:43:07

Health: -5/189     AC: 31    Str:  7    XL:     17   Next: 70%
Gold:   2187       EV: 21    Int: 25    God:    Ashenzari [****..] SH: 15 Dex: 19

rFire   + + +      SeeInvis +   a - +9 scimitar of the Eye in the Sky {freeze, long, Self, Cun} (curse)
rCold   . . .      Faith    .   l - +2 kite shield of the Unyielding Gaze {Cun, Fort} (curse)
rNeg    + . .      Spirit   .   (armour currently unavailable)
rPois   ∞          Reflect  .   Z - +2 hat "Shattered With Me" {Stlth+, Self, Fort} (curse)
rElec   +          Harm     .   U - scarf {rC+ rF+}
rCorr   +          Rampage  .   (gloves currently unavailable)
Will    ++...      Clarity  +   (boots unavailable)
Stlth   +++++++...              v - amulet of Vitality {Regen+ HP+15}
HPRegen 1.41/turn               u - +6 ring of dexterity
MPRegen 0.00/turn               n - ring "Bound Malaise" {Will+ rCorr, Self, Fort} (curse)

@: statue-form, flying, very slow
A: slow and powerful, torment resistance 1, flying, boosted hp, sickness
immunity, fire resistance 2, cold vulnerability 1, float, innate caster, hp
casting, extra vitality 1
}: 1/15 runes: serpentine
a: End Transformation, Renounce Religion, Shatter the Chains


You were on level 1 of the Elven Halls.
You worshipped Ashenzari.
Ashenzari was greatly pleased with you.
You were a living statue of rough stone.
You visited 6 branches of the dungeon, and saw 29 of its levels.
You visited 1 bazaar.
You also visited: Ossuary and Gauntlet.

You collected 3703 gold pieces.
You spent 1516 gold pieces at shops.


Innate Abilities, Weirdness & Mutations

You are a living statue of rough stone.
Your actions are slow, but your melee attacks are powerful.
You are resistant to unholy torment.
You are flying.
Your maximum health is greatly increased.
Your equipment is partially melded.
You are immune to sickness and miasma.
You are immune to poison.
Your flesh is very heat resistant. (rF++)
You are vulnerable to cold. (rC-)
You float through the air rather than walking.
You learn spells naturally, not from books.
Your magical power is your life essence.
You have superior vitality. (+4 HP)


   Skills:
 - Level 11.3(15.5) Fighting
 + Level 10.3 Long Blades
 - Level 8.0(12.4) Armour
 - Level 10.7(13.9) Dodging
 - Level 9.6(12.9) Stealth
 - Level 10.0(14.3) Shields
 - Level 12.3(16.5) Spellcasting
 - Level 10.0 Evocations


You couldn't memorise any spells.
You knew the following spells:

 Your Spells              Type           Power      Damage    Failure   Level
a - Foxfire               Conj/Fire      100%       2x1d9     0%          1
b - Conjure Flame         Conj/Fire      80%        6-21      0%          3
c - Inner Flame           Hex/Fire       80%        N/A       0%          3
d - Sticky Flame          Conj/Fire      80%        2d9       1%          4
e - Fireball              Conj/Fire      40%        3d16      1%          5
f - Sting                 Tmut/Pois      100%       1d8       0%          1
g - Slow                  Hex            80%        N/A       0%          2
h - Ignite Poison         Fire/Tmut/Pois 80%        N/A       0%          3
i - Iskenderun's Mystic   Conj/Tloc      80%        2d16      1%          4
j - Summon Forest         Summ/Tloc      40%        N/A       1%          5
k - Metabolic Englaciati  Hex/Ice        40%        N/A       1%          5
l - Statue Form           Tmut/Erth      53%        N/A       1%          6
m - Haunt                 Necr/Summ      40%        N/A       2%          7
Your spell library was empty.

Inventory:

Hand Weapons
 a - the cursed +9 scimitar of the Eye in the Sky (weapon) {freeze, long, Self, Cun}
   (You found it in a Gauntlet)

   It freezes those it strikes, dealing additional cold damage.
   It can also slow down cold-blooded creatures.
   It has a curse which improves the following skills: Introspection: Fighting
   and Spellcasting.
   Cunning:   Dodging and Stealth.
Missiles
 g - 39 stones {throwing}
Armour
 i - a +0 pair of gloves of dexterity
   (You bought it in a shop in a bazaar)
 l - the cursed +2 kite shield of the Unyielding Gaze (worn) {Cun, Fort}
   (You took it off a naga warrior on level 1 of the Snake Pit)

   It has a curse which improves the following skills: Cunning: Dodging and
   Stealth.
   Fortitude: Armour and Shields.
 S - the cursed +1 troll leather armour "All-seeing Visionary" (melded) {Regen+, Cun, Self}
   (You found it on level 10 of the Dungeon)

   Regen:     It increases your rate of health regeneration.
   It has a curse which improves the following skills: Cunning: Dodging and
   Stealth.
   Introspection: Fighting and Spellcasting.
 U - a scarf of resistance (worn)
   (You bought it in a shop on level 2 of the Snake Pit)
 V - the cursed +0 pair of gloves of Ashenzari's Discomfort (melded) {Cun, Melee}
   (You found it on level 12 of the Dungeon)

   It has a curse which improves the following skills: Cunning: Dodging and
   Stealth.
   Melee Combat: Short Blades, Long Blades, Axes, Maces & Flails, Polearms,
   Staves and Unarmed Combat.
 Z - the cursed +2 hat "Shattered With Me" (worn) {Stlth+, Self, Fort}
   (You found it in a Gauntlet)

   It has a curse which improves the following skills: Introspection: Fighting
   and Spellcasting.
   Fortitude: Armour and Shields.
Jewellery
 k - a ring of willpower
   (You found it on level 5 of the Lair of Beasts)
 n - the cursed ring "Bound Malaise" (right fist) {Will+ rCorr, Self, Fort}
   (You found it in a Gauntlet)

   [ring of willpower]

   rCorr:     It protects you from acid and corrosion.
   Will:      It increases your willpower.
   It has a curse which improves the following skills: Introspection: Fighting
   and Spellcasting.
   Fortitude: Armour and Shields.
 o - a ring of ice
   (You found it on level 2 of the Dungeon)
 u - a +6 ring of dexterity (left fist)
   (You found it on level 2 of the Dungeon)
 v - the amulet of Vitality (around neck) {Regen+ HP+15}
   (You found it on level 14 of the Dungeon)

   [amulet of regeneration]

   HP:        It affects your health (+15).
   Regen:     It increases your rate of health regeneration.
 J - a ring of positive energy
   (You found it on level 7 of the Dungeon)
Wands
 b - a wand of digging (12)
   (You found it on level 3 of the Lair of Beasts)
 e - a wand of iceblast (36)
   (You found it on level 3 of the Dungeon)
 Q - a wand of acid (16)
   (You took it off a kobold on level 9 of the Dungeon)
Scrolls
 d - 16 scrolls of teleportation {@r4}
 m - a scroll of fear
 q - 2 scrolls of holy word
 y - 2 scrolls of enchant weapon
 D - 6 scrolls of magic mapping {!r}
 E - a scroll of silence {!r}
 F - 2 scrolls of vulnerability {!r!r}
 H - 6 scrolls of fog
 M - a scroll of blinking {!r}
 R - 3 scrolls of immolation {!r!r}
 X - 3 scrolls of summoning
Potions
 c - 5 potions of ambrosia
 f - 7 potions of might
 j - 4 potions of heal wounds {@q2}
 r - 7 potions of brilliance
 t - 3 potions of haste {@q3}
 w - a potion of resistance
 z - 4 potions of invisibility
 B - 4 potions of attraction {!q}
 C - 2 potions of lignification {!q}
 I - 9 potions of curing {@q1}
 O - a potion of berserk rage {!q}
 T - a potion of cancellation
Miscellaneous
 s - a phial of floods
   (You found it on level 5 of the Lair of Beasts)
 K - a condenser vane
   (You found it in a Gauntlet)
 N - a box of beasts
   (You found it on level 15 of the Dungeon)
 P - a piece from Xom's chessboard (15/15)
   (You found it in a Gauntlet)

Dungeon Overview and Level Annotations

Branches:
Dungeon (15/15)            Temple (1/1) D:7            Lair (6/6) D:10
 Shoals (0/4) Lair:4        Snake (4/4) Lair:2        Slime (0/5) Lair:5
    Orc (2/2) D:9             Elf (1/3) Orc:2        Vaults (0/5) D:14
 Depths (0/5) D:15        Ossuary (visited)         Gauntlet (visited)

Altars:
Ashenzari
Cheibriados
Dithmenos
Elyvilon
Fedhas
Gozag
Hepliaklqana
Kikubaaqudgha
Makhleb
Nemelex Xobeh
Okawaru
Qazlal
Ru
Sif Muna
Trog
Uskayaw
Vehumet
Wu Jian
Xom
Yredelemnul
Zin
The Shining One

Shops:
D:9 *   D:12 !   D:13 :   Orc:2 *(?:[*   Elf:1 !   Snake:2 [:?

Annotations:
Snake:1 2 transporters, Waleff's ghost, adept DrBe
Snake:4 2 transporters, Icun's ghost, journeyman GnWr

#.##.#.###...#####..##.##
..§{, #......##....#*
##..#.)###4e#o'
####.#.⌠.⌠# *,*
##..#.##..e§#
##.##.#..∩.# * ,
##§e#.##.e### ,
#...)).)⌠.⌠# *
##.ee§EDe4#####.
...))<..####
#......#3........
.)....#.###
###.######○#######.
)...)##.#* ###.# **#e###
...).###. ##8## ,○E#
.#)#.####. *#.### ..°# *
** ...#.......# #.####
....☼{{* ...########...#
#....# , ** ...### ...
#....○ ,, .....# ** #..,
** *,, , , , ........
..., , , ,,,, , ,,
.###........, , ,, ,,,,,,
, , ## #...., , ,,, ,, ,
,,


You could see a deep elf sorcerer (fast, empowered).


Message History

The deep elf zephyrmancer mumbles some strange words.
The deep elf zephyrmancer blinks!
The Hell Sentinel hits you!!
* * * LOW HITPOINT WARNING * * *
The Hell Sentinel hits you but does no damage.
The deep elf pyromancer mumbles some strange words.
The deep elf pyromancer blinks!
You block the torpor snail's attack.
Being near the torpor snail leaves you feeling lethargic.
The deep elf knight is empowered by the deep elf high priest's aura!
The deep elf high priest mumbles some strange prayers to its god against you.
Something smites you!
* * * LOW HITPOINT WARNING * * *
The deep elf sorcerer hits you but does no damage.
You writhe in agony.
* * * LOW HITPOINT WARNING * * *
You block the red devil's attack.
The deep elf demonologist hits you but does no damage.
You hear a horrible gurgling sound! 😨 HP[-36]
You take 36 damage, and now have 72/189 hp.
Unknown command.
You slash the deep elf demonologist! You freeze the deep elf demonologist.
The deep elf sorcerer hits you but does no damage.
You writhe in agony.
* * * LOW HITPOINT WARNING * * *
The deep elf knight mumbles some strange words.
The deep elf knight seems to speed up.
The Hell Sentinel misses you.
You riposte.
You slash the Hell Sentinel!
The Hell Sentinel hits you but does no damage.
You block the deep elf sorcerer's attack.
The red devil closely misses you.
The deep elf demonologist hits you but does no damage.
The torpor snail bites you but does no damage.
You block the earth elemental's attack. The Hell Sentinel misses you.
You block the Hell Sentinel's attack.
The deep elf sorcerer points at you and mumbles some strange words.
You resist with almost no effort. You block the red devil's attack.
The deep elf demonologist points at you and mumbles some strange words.
You resist with almost no effort. The torpor snail completely misses you.
The earth elemental hits you!
* * * LOW HITPOINT WARNING * * *
😨 HP[-10]
You take 10 damage, and now have 62/189 hp.
You slash the deep elf demonologist! You freeze the deep elf demonologist.
You kill the deep elf demonologist!
The Hell Sentinel disappears in a puff of smoke!
The red devil disappears in a puff of smoke!
The deep elf high priest is no longer giving off an aura.
The deep elf zephyrmancer casts a spell.
The deep elf zephyrmancer blinks!
The deep elf knight casts a spell at you.
The lance of force hits you!!
* * * LOW HITPOINT WARNING * * *
You are knocked back by the lance of force.
You collide with the earth elemental!
The earth elemental is destroyed!
The deep elf sorcerer casts a spell at you.
You resist with almost no effort.
The deep elf knight shoots an arrow.
You block the arrow.
The deep elf pyromancer gestures wildly while chanting.
The deep elf pyromancer blinks!
The smoke demon barely misses you. The smoke demon hits you.
* * * LOW HITPOINT WARNING * * *
The smoke demon hits you but does no damage.
The deep elf sorcerer hits you but does no damage.
The deep elf high priest mumbles some strange prayers to its god.
The deep elf high priest begins emitting a brilliant aura!
The torpor snail completely misses you.
You riposte.
You completely miss the torpor snail.
The chaos spawn gurgles horribly! 😱 HP[-34]
You take 34 damage, and now have 28/189 hp.
Really read
M - 3 scrolls of blinking {!r}?
Blink to where?
Press: ? - help, Dir - move target, p - deep elf knight
As you read the scroll of blinking {!r}, it crumbles to dust.
The torpor snail changes into an ice dragon!
The deep elf knight shoots an arrow.
You block the arrow. 😱 HP[+3]
You regained 3 hp, and now have 31/189 hp.
You feel much better.
You feel yourself speed up.
The deep elf archer seems less brilliant.
The deep elf archer is empowered by the deep elf high priest's aura!
The deep elf sorcerer gestures at you while chanting.
The sphere of damnation explodes!
The damnation engulfs you!!!
* * * LOW HITPOINT WARNING * * *
The deep elf sorcerer points at you and mumbles some strange words.
You resist with almost no effort.
You hear a shout! x6 😱 HP[-13]
You take 13 damage, and now have 18/189 hp.
Okay, then.
Okay, then.
Really read
M - 2 scrolls of blinking {!r}?
Blink to where?
Press: ? - help, Dir - move target
As you read the scroll of blinking {!r}, it crumbles to dust.
The deep elf sorcerer casts a spell at you.
The sphere of damnation explodes!
The damnation engulfs you!!
You die...

Skill      XL: |  1  2  3  4  5  6  7  8  9 10 11 12 13 14 15 16 17 |
---------------+----------------------------------------------------+-----
Spellcasting   | 3 4 5 6 8 10 11 12 | 12.3
Fighting       | 3 7 8 9 10 11 | 11.3
Armour         | 2 4 5 6 7 8 |  8.0
Stealth        | 2 5 6 7 8 9 |  9.6
Evocations     | 2 5 7 8 9 10 | 10.0
Shields        | 3 4 6 9 10 | 10.0
Long Blades    | 2 4 6 8 10 | 10.3
Dodging        | 5 7 9 10 | 10.7

Action                   |  1- 3 |  4- 6 |  7- 9 | 10-12 | 13-15 | 16-18 || total
-------------------------+-------+-------+-------+-------+-------+-------++-------
Melee: Mace              |     3 |    22 |       |       |       |       ||    25
       Whip              |       |    11 |    31 |    36 |       |       ||    78
       Scimitar          |       |       |       |       |   257 |   485 ||   742
 Cast: Foxfire           |    32 |   121 |   216 |   329 |   473 |    16 ||  1187
       Ignite Poison     |       |       |     4 |       |       |       ||     4
       Iskenderun's Myst |       |       |     5 |    51 |   121 |    10 ||   187
       Fireball          |       |       |     2 |    36 |    25 |     5 ||    68
       Sticky Flame      |       |       |       |     9 |       |       ||     9
       Summon Forest     |       |       |       |     8 |    18 |    24 ||    50
       Metabolic Englaci |       |       |       |       |    14 |    10 ||    24
       Statue Form       |       |       |       |       |    17 |    22 ||    39
       Haunt             |       |       |       |       |       |    10 ||    10
Invok: Curse Item        |       |       |       |     2 |     5 |     2 ||     9
       Shatter the Chain |       |       |       |       |     1 |     2 ||     3
  Use: Scroll            |       |    13 |     4 |     2 |     6 |     3 ||    28
       Potion            |       |       |     1 |     2 |     1 |     1 ||     5
 Stab: Sleeping          |       |     3 |       |       |     8 |    21 ||    32
       Distracted        |       |       |       |     1 |     9 |     7 ||    17
Armor: Robe              |     3 |    14 |    13 |     3 |       |       ||    33
       Steam dragon scal |       |       |       |    38 |       |       ||    38
       Troll leather arm |       |       |       |    18 |    70 |    16 ||   104
       Skin              |       |       |       |       |    85 |   132 ||   217
Dodge: Dodged            |     5 |    42 |    37 |    83 |   257 |   327 ||   751
Block: Buckler           |       |       |       |     1 |   236 |   187 ||   424
       Reflection        |       |       |       |       |     7 |     7 ||    14
       Kite shield       |       |       |       |       |       |   105 ||   105
       Rpst.: Scimitar   |       |       |       |       |    73 |    66 ||   139

Levels and vault maps discovered:
D:1:      dpeg_arrival_lava_altar, layout_rooms,
          dreamdust_ecumenical_altar_drowned_temple
D:2:      minmay_razor_zed, layout_basic, minmay_misc_feat_enclosed,
          minmay_pentomino_pile
D:3:      layout_loops_cross, amcnicky_altar_gilded, lemuel_crystal_altar,
          minmay_misc_feat_secret_circle, minivault_23, kennysheep_cross_room,
          hangedman_glass_teeth
D:4:      layout_loops_ring, uniq_sigmund, uniq_crazy_yiuf_cottage, uniq_edmund,
          uniq_menkaure
D:5:      layout_rooms
D:6:      layout_cave_pools, lemuel_doored_altar, uniq_eustachio
D:7:      layout_cave_pods, trog_butcher_becter, grunt_temple_overflow_diamond,
          minmay_temple_entry_mist, enter_ossuary_1, minivault_1
D:8:      layout_cave_pods
D:9:      layout_roguey, grunt_temple_overflow_champion_of_chaos,
          chequers_temple_overflow_statue_of_worship, hiddenorc1_lemuel,
          nicolae_alphabet_shops
D:10:     minmay_clustersquares, layout_cave_pools, zin_academy,
          lair_entry_dummy, kennysheep_generic_room_3
D:11:     layout_layer_cave, serial_bayou, serial_bayou_pond_a,
          serial_bayou_lagoon_a, serial_bayou_pond_a, serial_bayou_pond_a,
          st_stairs_13
D:12:     layout_roguey, serial_shops, shop, uniq_jorgrun, uniq_snorg
D:13:     layout_loops_corners, gauntlet_entry_generic, serial_shops, shop
D:14:     layout_loops_corners, david_vaults_5
D:15:     gammafunk_enter_depths_forms, layout_cave_pools, minivault_26,
          fedhas_altar_fruit_tree
Temple:   cyrus_temple_forest
Lair:1:   layout_hall_layers, chequers_serial_rivers_micro_c,
          beast_lair_carwin_4
Lair:2:   layout_gridlike, guppyfry_snake_entry_island, special_room
          [special_room_bee]
Lair:3:   layout_long_grid, uniq_gastronok
Lair:4:   layout_gridlike, elwin_shoals_entry_rooms,
          chequers_serial_rivers_micro_a, hangedman_tree_tricks,
          lemuel_centaur_altar, lemuel_fruit_tree, serial_bayou_shore_a
Lair:5:   layout_roguey, minmay_slime_entry_oklob_open, basic_altar
Lair:6:   gammafunk_lair_ancient_temple, layout_gridlike, st_stairs_12,
          fungi_pond_lemuel
Snake:1:  layout_cave_shapes, gammafunk_ghost_berserking_beasts
Snake:2:  layout_misc_corridors, serial_shops, shop,
          nicolae_snake_gridmaze_zigzag, minmay_shoptagon
Snake:3:  layout_basic, nicolae_snake_single_loop, grunt_megastairs_5
Snake:4:  johnstein_snake_rune_scales, layout_chambers, gammafunk_ghost_arena,
          serial_shops, bzr_entry_road
Orc:1:    layout_caves
Orc:2:    grunt_orc_gardens, layout_caves, grunt_orc_garden, grunt_orc_garden,
          grunt_orc_garden, grunt_orc_garden, serial_shops, shop, shop
Elf:1:    layout_loops_cross, serial_shops, shop_fountains, orc_legates,
          uniq_nikola, uniq_agnes

Notes
Turn   | Place    | Note
-------+----------+-------------------------------------------
     0 | D:1      | Sobieck the Djinni Fire Elementalist began the quest for
                  | the Orb.
     0 | D:1      | Reached XP level 1. HP: 15/15 MP: 0/0
     0 | D:1      | magus.rc [v1.9.6]
   284 | D:1      | Reached XP level 2. HP: 17/21 MP: 0/0
   509 | D:1      | Reached skill level 3 in Spellcasting
   730 | D:1      | Found a faded altar of an unknown god.
  1126 | D:1      | Found a hide-covered altar of Uskayaw.
  1260 | D:3      | Reached XP level 3. HP: 23/25 MP: 0/0
  1260 | D:3      | Learned a level 1 spell: Sting
  1264 | D:3      | Reached XP level 4. HP: 24/31 MP: 0/0
  1639 | D:2      | Reached skill level 4 in Spellcasting
  2098 | D:3      | Reached XP level 5. HP: 34/35 MP: 0/0
  2098 | D:3      | Learned a level 2 spell: Slow
  3632 | D:4      | Noticed Menkaure
  3636 | D:4      | Killed Menkaure
  3637 | D:4      | Reached skill level 5 in Spellcasting
  3637 | D:4      | Reached XP level 6. HP: 36/40 MP: 0/0
  3770 | D:3      | Found a hazy altar of Hepliaklqana.
  4083 | D:3      | Found an iron altar of Okawaru.
  4716 | D:4      | Noticed Sigmund
  4723 | D:4      | Killed Sigmund
  4724 | D:4      | Reached skill level 6 in Spellcasting
  4724 | D:4      | Reached XP level 7. HP: 40/45 MP: 0/0
  4724 | D:4      | Learned a level 3 spell: Ignite Poison
  4960 | D:4      | Noticed Edmund
  4977 | D:4      | Killed Edmund
  5528 | D:4      | Found a runed translucent door.
  5529 | D:4      | Noticed Crazy Yiuf
  5536 | D:4      | Killed Crazy Yiuf
  5710 | D:5      | Entered Level 5 of the Dungeon
  5786 | D:6      | Reached XP level 8. HP: 38/50 MP: 0/0
  5891 | D:5      | Reached skill level 7 in Spellcasting
  6209 | D:5      | Reached skill level 8 in Spellcasting
  6515 | D:5      | Reached XP level 9. HP: 51/55 MP: 0/0
  6515 | D:5      | Learned a level 4 spell: Iskenderun's Mystic Blast
  6883 | D:6      | Noticed Eustachio
  6903 | D:6      | Killed Eustachio
  6904 | D:6      | Reached skill level 9 in Spellcasting
  6994 | D:6      | Found a blossoming altar of Fedhas.
  7362 | D:7      | Found a sand-covered staircase.
  7362 | D:7      | Noticed a gargoyle
  7377 | D:7      | Killed a gargoyle
  7497 | Ossuary  | Entered an ossuary
  7909 | D:7      | Reached skill level 10 in Spellcasting
  8059 | D:7      | Reached skill level 1 in Fighting
  8112 | D:7      | Reached skill level 2 in Fighting
  8395 | D:7      | Reached skill level 3 in Fighting
  8395 | D:7      | Reached XP level 10. HP: 57/67 MP: 0/0
  8566 | D:7      | Found a bloodstained altar of Trog.
  8689 | D:7      | Reached skill level 4 in Fighting
  8908 | D:7      | Found a basalt altar of Yredelemnul.
  8911 | D:7      | Found a sacrificial altar of Ru.
  8915 | D:7      | Found a shadowy altar of Dithmenos.
  9053 | D:7      | Found a staircase to the Ecumenical Temple.
  9064 | Temple   | Entered the Ecumenical Temple
  9321 | D:7      | Reached skill level 5 in Fighting
  9995 | D:8      | Noticed a two-headed ogre
 10000 | D:8      | Killed a two-headed ogre
 10001 | D:8      | Reached skill level 7 in Fighting
 10182 | D:8      | Reached skill level 1 in Armour
 10182 | D:8      | Reached skill level 2 in Stealth
 10182 | D:8      | Reached skill level 1 in Evocations
 10364 | D:8      | Upgraded the game from 0.28-a0-2-g643f2454ad to
                  | 0.28-a0-8-g6e044cfa68
 10364 | D:8      | magus.rc [v1.9.6]
 11083 | D:9      | Found a stormy altar of Qazlal.
 11099 | D:9      | Found Cklunuer's Commerce Corner.
 11365 | D:9      | Found a broken altar of Ashenzari.
 11393 | D:9      | Became a worshipper of Ashenzari the Shackled
 11658 | D:9      | Reached skill level 2 in Armour
 11658 | D:9      | Reached skill level 2 in Evocations
 11954 | D:9      | Found a staircase to the Orcish Mines.
 12184 | D:9      | Reached XP level 11. HP: 53/79 MP: 0/0
 12184 | D:9      | Learned a level 5 spell: Summon Forest
 12187 | D:9      | Reached skill level 3 in Stealth
 12377 | D:9      | Found a shimmering altar of Xom.
 12378 | D:9      | Found a burning altar of Makhleb.
 12547 | D:10     | Entered Level 10 of the Dungeon
 12549 | D:10     | Noticed a centaur warrior
 12589 | D:10     | Reached skill level 3 in Armour
 12589 | D:10     | Reached skill level 3 in Evocations
 12909 | D:10     | Reached skill level 8 in Fighting
 13163 | D:10     | HP: 12/81 [centaur warrior/arrow (18)]
 13224 | D:10     | Killed a centaur warrior
 13225 | D:10     | Reached skill level 4 in Armour
 13225 | D:10     | Reached skill level 4 in Stealth
 13225 | D:10     | Reached skill level 4 in Evocations
 13317 | D:10     | Found a staircase to the Lair.
 13805 | D:10     | Found a glowing silver altar of Zin.
 14144 | D:11     | Reached * piety under Ashenzari
 14156 | D:11     | Noticed a two-headed ogre
 14170 | D:11     | Killed a two-headed ogre
 14414 | D:11     | Noticed a five-headed hydra
 14428 | D:11     | Killed a five-headed hydra
 14482 | D:11     | Reached skill level 5 in Stealth
 14482 | D:11     | Reached skill level 5 in Evocations
 14556 | D:11     | Noticed a two-headed ogre
 14565 | D:11     | Killed a two-headed ogre
 14566 | D:11     | Reached XP level 12. HP: 66/90 MP: 0/0
 15203 | D:12     | Noticed a four-headed hydra
 15210 | D:12     | Killed a four-headed hydra
 15211 | D:12     | Reached skill level 11 in Spellcasting
 15211 | D:12     | Reached skill level 6 in Evocations
 15350 | D:12     | Noticed Jorgrun
 15358 | D:12     | Killed Jorgrun
 15358 | D:12     | Noticed Snorg
 15359 | D:12     | Reached skill level 1 in Shields
 15359 | D:12     | Reached skill level 7 in Evocations
 15400 | D:12     | Killed Snorg
 15562 | D:12     | Found Gexkulis's Distillery.
 15806 | D:12     | Reached skill level 2 in Shields
 15996 | D:13     | Found Hiuruc's Book Emporium.
 16082 | D:13     | Found a gate leading to a gauntlet.
 16086 | Gauntlet | Entered a Gauntlet
 16086 | Gauntlet | Found a transporter.
 16086 | Gauntlet | Found a transporter.
 16089 | Gauntlet | Found a transporter.
 16090 | Gauntlet | Found a transporter.
 16092 | Gauntlet | Found a transporter.
 16094 | Gauntlet | Noticed a tengu warrior
 16111 | Gauntlet | Found a transporter.
 16113 | Gauntlet | Found a transporter.
 16148 | Gauntlet | Found a transporter.
 16150 | Gauntlet | Found a transporter.
 16150 | Gauntlet | Found a transporter.
 16154 | Gauntlet | Found a runed translucent door.
 16155 | Gauntlet | Noticed a glowing orange brain
 16156 | Gauntlet | Noticed a glowing orange brain
 16184 | Gauntlet | Found a runed translucent door.
 16187 | Gauntlet | Found a transporter.
 16203 | Gauntlet | Found a runed translucent gate.
 16204 | Gauntlet | Found a transporter.
 16204 | Gauntlet | Found a runed translucent gate.
 16205 | Gauntlet | Found a runed translucent gate.
 16214 | Gauntlet | Identified the ring "Qasoogo" {Will+ rCorr}
 16214 | Gauntlet | Found a transporter.
 16231 | Gauntlet | Found a transporter.
 16348 | Gauntlet | Reached skill level 5 in Armour
 16377 | Gauntlet | Killed a tengu warrior
 16456 | Gauntlet | Identified the +2 trident of Tumuuf {protect, rN+ Str+4}
 16456 | Gauntlet | Identified the +0 pair of boots of Defence {Harm rC+ Will-
                  | Str+8}
 16456 | Gauntlet | Identified the +1 leather armour "Utekkis" {+Blink rElec
                  | rC+ Slay+3}
 16456 | Gauntlet | Noticed a minotaur
 16469 | Gauntlet | Killed a minotaur
 16470 | Gauntlet | Reached skill level 9 in Fighting
 16470 | Gauntlet | Reached skill level 3 in Shields
 16470 | Gauntlet | Reached XP level 13. HP: 52/96 MP: 0/0
 16470 | Gauntlet | Learned a level 5 spell: Metabolic Englaciation
 16577 | D:13     | Reached skill level 6 in Stealth
 16579 | D:13     | Noticed a four-headed hydra
 16590 | D:13     | Killed a four-headed hydra
 16851 | D:13     | Noticed a boulder beetle
 17260 | Lair:1   | Entered Level 1 of the Lair of Beasts
 17266 | Lair:1   | Reached skill level 8 in Evocations
 17269 | Lair:1   | Reached skill level 1 in Long Blades
 17328 | Lair:1   | Reached skill level 6 in Armour
 17334 | Lair:1   | Reached skill level 4 in Shields
 17454 | Lair:1   | Identified Liqaaxt's Almanac of the Compass
 17588 | Lair:2   | Reached skill level 2 in Long Blades
 17871 | Lair:2   | Found a staircase to the Snake Pit.
 17886 | Lair:2   | magus.rc [v1.9.6]
 18368 | Lair:3   | Noticed a four-headed hydra
 18374 | Lair:3   | Killed a four-headed hydra
 18584 | Lair:3   | Reached XP level 14. HP: 53/103 MP: 0/0
 18647 | Lair:3   | Noticed Gastronok
 18664 | Lair:3   | Killed Gastronok
 18665 | Lair:3   | Reached skill level 3 in Long Blades
 18665 | Lair:3   | Reached skill level 3 in Dodging
 18665 | Lair:3   | Reached skill level 7 in Stealth
 18665 | Lair:3   | Reached skill level 5 in Shields
 18779 | Lair:3   | Reached skill level 10 in Fighting
 18792 | Lair:3   | Reached skill level 7 in Armour
 19031 | Lair:3   | Reached skill level 9 in Evocations
 19238 | Lair:3   | Identified the +6 spear "Zooxukk" {spect, rF+ Str+6 Dex-5}
 19820 | Lair:4   | Reached skill level 4 in Dodging
 20001 | Lair:4   | Reached skill level 4 in Long Blades
 20154 | Lair:4   | Found a burning altar of Makhleb.
 20280 | Lair:4   | Found a staircase to the Shoals.
 20445 | Lair:4   | Found a blossoming altar of Fedhas.
 20453 | Lair:4   | HP: 20/106 [acid (16)]
 21081 | Lair:5   | Reached skill level 6 in Shields
 21301 | Lair:5   | Found an iron altar of Okawaru.
 21351 | Lair:5   | Reached skill level 12 in Spellcasting
 21670 | Lair:5   | Found a staircase to the Slime Pits.
 21727 | Lair:6   | Entered Level 6 of the Lair of Beasts
 21771 | Lair:6   | Reached skill level 5 in Dodging
 21776 | Lair:6   | Reached XP level 15. HP: 82/112 MP: 0/0
 21776 | Lair:6   | Learned a level 6 spell: Statue Form
 21964 | Lair:6   | Identified the +7 scale mail of the Spider Nest {rF+ Will+
                  | Dex+3}
 22031 | Lair:6   | Reached skill level 8 in Armour
 22353 | Lair:6   | Reached skill level 8 in Stealth
 22393 | Lair:6   | Reached skill level 5 in Long Blades
 22621 | Lair:6   | Reached ** piety under Ashenzari
 22710 | Lair:6   | Reached skill level 6 in Dodging
 22856 | Lair:6   | Identified the +6 rapier "Safub" {vorpal, rN+ Int+3}
 23463 | D:13     | Reached skill level 10 in Evocations
 23499 | D:13     | Reached *** piety under Ashenzari
 23704 | D:14     | Reached skill level 11 in Fighting
 24045 | D:14     | Found the amulet of Vitality {Regen+ HP+15}
 24392 | D:14     | Found a gate to the Vaults.
 24462 | D:15     | Entered Level 15 of the Dungeon
 24635 | D:15     | Noticed a white very ugly thing
 24648 | D:15     | Reached skill level 7 in Dodging
 24651 | D:15     | Killed a white very ugly thing
 24779 | D:15     | Found a blossoming altar of Fedhas.
 25126 | D:15     | Found a staircase to the Depths.
 25142 | D:15     | Reached skill level 6 in Long Blades
 25335 | Orc:1    | Entered Level 1 of the Orcish Mines
 25445 | Orc:1    | Reached **** piety under Ashenzari
 25454 | Orc:1    | Reached XP level 16. HP: 129/129 MP: 0/0
 25518 | Orc:1    | Identified the cursed +1 troll leather armour "All-seeing
                  | Visionary" {Regen+, Cun, Self} (You found it on level 10 of
                  | the Dungeon)
 25586 | Orc:2    | Entered Level 2 of the Orcish Mines
 25586 | Orc:2    | Found Gaitutel's Magic Scroll Shop.
 25589 | Orc:2    | Found Binaumogi's Book Shoppe.
 25616 | Orc:2    | Reached skill level 7 in Shields
 25702 | Orc:2    | Bought a scroll of blinking for 120 gold pieces
 26003 | Orc:2    | Found a staircase to the Elven Halls.
 26111 | Orc:2    | Found Kianemac's General Store.
 26122 | Orc:2    | Found Luot's Antique Armour Shop.
 26268 | Orc:2    | Found Hagox's General Store.
 26350 | Orc:2    | Found Xuklal's Antique Weapon Boutique.
 26765 | Snake:1  | Entered Level 1 of the Snake Pit
 26774 | Snake:1  | Reached skill level 9 in Stealth
 26843 | Snake:1  | Reached skill level 8 in Dodging
 27491 | Snake:1  | Identified the +1 great mace "Aboozetz" {drain, rC+}
 27502 | Snake:1  | Noticed Waleff's ghost (adept DrBe)
 27503 | Snake:1  | Identified the +0 helmet "Xulauh" {rC- Str+10 Int+3 Dex-3}
 27514 | Snake:1  | Found a transporter.
 27744 | Snake:1  | Found a transporter.
 28008 | Snake:2  | Identified a +2 robe of the Archmagi
 28028 | Snake:2  | Reached skill level 7 in Long Blades
 28029 | Snake:2  | Reached skill level 8 in Shields
 28315 | Snake:2  | Found Ukeopig's Book Shoppe.
 28317 | Snake:2  | Found Jocum's Magic Scroll Emporium.
 28328 | Snake:2  | Bought a scroll of blinking for 120 gold pieces
 28425 | Snake:2  | Found Uhiusy's Armour Shoppe.
 28476 | Snake:2  | Bought a scarf of resistance for 480 gold pieces
 28644 | Snake:2  | Identified the +0 acid dragon scales "Rilut" {*Slow rN+
                  | Will+ rCorr}
 28654 | Snake:2  | Reached skill level 9 in Dodging
 28845 | Snake:3  | Identified a scroll of acquirement
 28869 | Snake:3  | Acquired 1154 gold pieces
 28934 | Snake:3  | Reached ***** piety under Ashenzari
 29193 | Snake:3  | Identified the cursed +0 pair of gloves of Ashenzari's
                  | Discomfort {Cun, Melee} (You found it on level 12 of the
                  | Dungeon)
 29360 | Snake:3  | Reached skill level 9 in Shields
 29364 | Snake:3  | Reached skill level 8 in Long Blades
 29403 | Snake:3  | Reached XP level 17. HP: 139/139 MP: 0/0
 29403 | Snake:3  | Learned a level 7 spell: Haunt
 29783 | Snake:4  | Entered Level 4 of the Snake Pit
 29824 | Snake:4  | Found a transporter.
 29824 | Snake:4  | Noticed Icun's ghost (journeyman GnWr)
 29837 | Snake:4  | Identified the ring of Contentment {Fly rElec}
 29838 | Snake:4  | Found a transporter.
 29869 | Snake:4  | Found a gateway to a bazaar.
 29884 | Bazaar   | Entered a bazaar
 29884 | Bazaar   | Found Faos's Antique Armour Emporium.
 29902 | Bazaar   | Found Oworaytz's Antique Armour Emporium.
 29915 | Bazaar   | Found Vead's Antique Armour Emporium.
 29955 | Bazaar   | Bought a pair of embroidered gloves for 262 gold pieces
 29955 | Bazaar   | Bought a steaming cloak for 332 gold pieces
 29955 | Bazaar   | Identified the -1 cloak of Whack-A-Mole {*Slow rF+ Stlth+}
                  | (You bought it in a shop in a bazaar)
 30080 | Bazaar   | Bought a pair of glowing gloves for 202 gold pieces
 30733 | Snake:4  | Reached skill level 10 in Dodging
 30899 | Snake:4  | Noticed Vashnia
 30926 | Snake:4  | Killed Vashnia
 30927 | Snake:4  | Reached skill level 9 in Long Blades
 30927 | Snake:4  | Reached skill level 10 in Shields
 30993 | Snake:4  | Got a serpentine rune of Zot
 31593 | Elf:1    | Entered Level 1 of the Elven Halls
 31593 | Elf:1    | Found Koenimoa's Distillery.
 31714 | Elf:1    | Noticed Nikola
 31723 | Elf:1    | Killed Nikola
 31805 | Elf:1    | Reached skill level 10 in Long Blades
 31917 | Elf:1    | Noticed a Hell Sentinel
 31923 | Elf:1    | HP: 31/189 [deep elf knight/lance of force (34)]
 31926 | Elf:1    | Killed from afar by a deep elf sorcerer

Vanquished Creatures
  Jorgrun (D:12)
  Gastronok (Lair:3)
  2 nagarajas (Snake:4)
  An orc warlord (Orc:1)
  A very ugly thing (D:15)
  A deep elf demonologist (Elf:1)
  A minotaur (Gauntlet)
  9 hydras
  2 boulder beetles (D:14)
  4 naga warriors
  3 anacondas
  An ogre mage (D:14)
  A catoblepas (Lair:5)
  A merfolk avatar (Lair:6)
  3 centaur warriors
  A dancing weapon (Elf:1)
  2 two-headed ogres
  2 shock serpents
  5 tengu warriors
  3 naga sharpshooters
  A fire crab (shapeshifter) (D:14)
  2 salamander mystics (Snake:4)
  5 sea snakes (Snake:3)
  A deep elf archer (Elf:1)
  A glowing orange brain (D:15)
  A wizard (Gauntlet)
  5 naga ritualists
  2 harpies (Lair:6)
  2 deep elf pyromancers
  5 mana vipers
  4 orc knights
  5 deep elf zephyrmancers (Elf:1)
  6 salamanders
  2 manticores
  3 oklob plants
  2 orc sorcerers
  6 ugly things
  3 cyclopes
  3 guardian serpents
  16 black mambas
  16 elephants
  An apocalypse crab (Gauntlet)
  7 naga magi
  17 cane toads
  A gargoyle (D:7)
  A torpor snail (Lair:6)
  10 komodo dragons
  A kobold demonologist (D:13)
  4 rime drakes
  3 tengu conjurers
  4 trolls
  A queen bee (Lair:1)
  4 polar bears
  2 merfolk (Lair:4)
  7 slime creatures (D:15)
  A blink frog (Lair:6)
  A dream sheep (Lair:6)
  Sigmund (D:4)
  2 vampires
  4 wyverns
  Eustachio (D:6)
  5 basilisks
  4 steam dragons
  36 yaks
  8 vampire mosquitoes
  17 nagas
  Edmund (D:4)
  Menkaure (D:4)
  2 acid dragons
  14 water moccasins
  14 orc warriors
  A sky beast (D:5)
  3 black bears
  A necrophage (D:5)
  28 wolves
  4 ogres
  An ice beast (D:6)
  7 centaurs
  2 phantoms (D:5)
  An earth elemental (Elf:1)
  9 bullfrogs
  6 kobold brigands
  A wyvern zombie (D:8)
  A gnoll sergeant (D:9)
  4 scorpions
  A wyvern skeleton (D:7)
  26 killer bees
  6 wights
  A howler monkey (D:10)
  4 electric eels
  A crimson imp (D:9)
  2 human zombies (Ossuary)
  A bullfrog zombie (D:5)
  9 orc priests
  5 centaur zombies
  A hound (D:6)
  Crazy Yiuf (D:4)
  3 iguanas
  14 orc wizards
  A killer bee zombie (D:8)
  A hound skeleton (D:4)
  4 mummies (Ossuary)
  A howler monkey zombie (D:9)
  4 gnolls (D:9)
  9 adders
  A shadow imp (Gauntlet)
  A white imp (Gauntlet)
  An ufetubus (D:5)
  3 adder zombies (Ossuary)
  A worm (D:5)
  A dart slug (D:2)
  60 orcs
  9 endoplasms
  A giant cockroach (D:1)
  A gnoll zombie (Ossuary)
  2 goblins
  4 hobgoblins
  A jackal (shapeshifter) (D:15)
  9 jackals
  33 kobolds
  2 quokkas (D:2)
  12 ball pythons
  9 bats
  2 frilled lizards (D:2)
  A goblin zombie (Ossuary)
  A hobgoblin zombie (Ossuary)
  2 jackal zombies (Ossuary)
  5 rats
  2 rat zombies (Ossuary)
  A spectral kobold (D:1)
640 creatures vanquished.

Vanquished Creatures (collateral kills)
  Vashnia (Snake:4)
  A nagaraja (Snake:4)
  Snorg (D:12)
  2 hydras (Lair:6)
  A vault guard (D:14)
  A rakshasa (D:15)
  3 boulder beetles (D:14)
  An anaconda (Snake:2)
  2 salamander tyrants (Snake:4)
  3 naga warriors
  2 centaur warriors (D:14)
  A two-headed ogre (D:11)
  2 dancing weapons (Elf:1)
  2 orc high priests
  3 naga sharpshooters
  A deep elf knight (Elf:1)
  2 salamander mystics
  4 sea snakes (Snake:3)
  5 naga ritualists
  3 deep elf zephyrmancers
  3 orc knights (Orc:2)
  6 ugly things
  2 deep elf pyromancers
  4 mana vipers
  An orc sorcerer (Orc:1)
  4 salamanders
  A cyclops (D:14)
  A naga mage (Snake:4)
  11 black mambas
  3 komodo dragons
  3 cane toads
  A meliai (D:14)
  A tengu conjurer (D:14)
  A troll (D:10)
  A polar bear (Lair:6)
  A hornet (Lair:6)
  A blink frog (Lair:6)
  2 dream sheep (Lair:6)
  3 yaks (Lair:1)
  A wraith (D:13)
  A basilisk (Lair:1)
  An acid dragon (D:11)
  8 nagas
  3 water moccasins
  17 orc warriors (Orc:2)
  2 black bears (Lair:1)
  2 ogres (Orc:2)
  3 centaurs (D:14)
  3 wolves
  A kobold brigand (D:10)
  2 bullfrogs (Lair:1)
  A gnoll sergeant (D:10)
  2 electric eels (Snake:3)
  2 centaur zombies (D:10)
  4 orc priests
  3 orc wizards
  17 orcs
  40 foxfires
204 creatures vanquished.

Vanquished Creatures (others)
  Nikola (Elf:1)
  A water elemental (Elf:1)
  A naga (Snake:4)
  An earth elemental (Elf:1)
  A demonic plant (Gauntlet)
  1992 foxfires
  45 fungi
  52 plants
  12 snaplasher vines
2106 creatures vanquished.

Grand Total: 2950 creatures vanquished

Table legend:
 A = Non-vault XP
 B = Vault XP
 C = Vault XP percentage of total XP
 D = Non-vault monster count
 E = Vault monster count
 F = Vault count percentage of total count
                 A         B        C        D         E       F
            +---------+---------+-------+---------+---------+-------
      Total |  120862 |   68430 |  36.2 |     573 |     233 |  28.9
            +---------+---------+-------+---------+---------+-------
        D:1 |      25 |       1 |   3.8 |      14 |       1 |   6.7
        D:2 |      94 |      34 |  26.6 |      22 |      15 |  40.5
        D:3 |     118 |       0 |   0.0 |      19 |       0 |   0.0
        D:4 |      41 |     595 |  93.6 |       8 |       4 |  33.3
        D:5 |    1105 |       0 |   0.0 |      16 |       0 |   0.0
        D:6 |     379 |     197 |  34.2 |      10 |       1 |   9.1
        D:7 |    1390 |     297 |  17.6 |      17 |       4 |  19.0
        D:8 |    2180 |       0 |   0.0 |      23 |       0 |   0.0
        D:9 |    1298 |     309 |  19.2 |      25 |      18 |  41.9
       D:10 |    1434 |    3103 |  68.4 |      26 |      15 |  36.6
       D:11 |    2646 |    1010 |  27.6 |       8 |       1 |  11.1
       D:12 |    3322 |    3883 |  53.9 |       8 |       2 |  20.0
       D:13 |    3932 |       0 |   0.0 |      17 |       0 |   0.0
       D:14 |    7399 |    6252 |  45.8 |      16 |      13 |  44.8
       D:15 |    3309 |    4545 |  57.9 |      12 |       8 |  40.0
     Lair:1 |    4798 |     728 |  13.2 |      26 |       7 |  21.2
     Lair:2 |    2704 |    1874 |  40.9 |      11 |      27 |  71.1
     Lair:3 |   11315 |    1994 |  15.0 |      39 |       1 |   2.5
     Lair:4 |    5726 |    2148 |  27.3 |      16 |       8 |  33.3
     Lair:5 |    7394 |     610 |   7.6 |      27 |       1 |   3.6
     Lair:6 |    8570 |    6489 |  43.1 |      36 |      18 |  33.3
    Snake:1 |   10642 |       0 |   0.0 |      30 |       0 |   0.0
    Snake:2 |   10306 |       0 |   0.0 |      27 |       0 |   0.0
    Snake:3 |   14652 |     607 |   4.0 |      30 |       2 |   6.2
    Snake:4 |    5925 |   18019 |  75.3 |      12 |      29 |  70.7
      Orc:1 |    2031 |    1664 |  45.0 |      22 |       1 |   4.3
      Orc:2 |    2437 |    4436 |  64.5 |      43 |      26 |  37.7
      Elf:1 |    5690 |    5629 |  49.7 |      13 |       7 |  35.0
    Ossuary |       0 |     189 | 100.0 |       0 |      16 | 100.0
   Gauntlet |       0 |    3817 | 100.0 |       0 |       8 | 100.0
            +---------+---------+-------+---------+---------+-------

Illustrated notes

Table legend:
 A = Kills in this place as a percentage of kills in entire the game.
 B = Kills by you in this place as a percentage of kills by you in the entire game.
 C = Kills by friends in this place as a percentage of kills by friends in the entire game.
 D = Other kills in this place as a percentage of other kills in the entire game.
 E = Experience gained in this place as a percentage of experience gained in the entire game.
 F = Experience gained in this place divided by the number of levels of this place that you have seen.
                   A       B       C       D       E      F
               +-------+-------+-------+-------+-------+----------------------
         Total | 100.0 | 100.0 | 100.0 | 100.0 | 100.0 | 5915.4
       Dungeon |  40.1 |  45.5 |  19.5 |   0.0 |  25.8 | 3259.9
          Lair |  26.9 |  29.7 |  16.5 |   0.0 |  28.7 | 9058.3
     Snake Pit |  16.1 |  12.2 |  31.7 |   0.0 |  31.8 | 15037.8
  Orcish Mines |  11.4 |   7.0 |  28.7 |   0.0 |   5.6 | 5284.0
   Elven Halls |   2.5 |   1.9 |   3.7 | 100.0 |   6.0 | 11319.0
       Ossuary |   2.0 |   2.5 |   0.0 |   0.0 |   0.1 | 189.0
      Gauntlet |   1.0 |   1.2 |   0.0 |   0.0 |   2.0 | 3817.0
               +-------+-------+-------+-------+-------+----------------------

Table legend: (Time is in decaauts)
 A = Elapsed time spent in this place.
 B = Non-inter-level travel time spent in this place.
 C = Inter-level travel time spent in this place.
 D = Time resting spent in this place.
 E = Time spent auto-exploring this place.
 F = Levels seen in this place.
 G = Mean time per level.
                   A        B        C        D        E       F      G
               +--------+--------+--------+--------+--------+-----+--------+
         Total |  33038 |  31333 |   1705 |   6262 |  18972 |  32 | 1032.4 |
       Dungeon |  19084 |  18070 |   1014 |   3936 |  11525 |  15 | 1272.3 |
        Temple |     87 |     46 |     41 |      0 |     46 |   1 |   87.0 |
          Lair |   6091 |   5780 |    311 |    586 |   3928 |   6 | 1015.2 |
     Snake Pit |   4834 |   4604 |    230 |    827 |   2726 |   4 | 1208.5 |
  Orcish Mines |   1629 |   1521 |    108 |    597 |    559 |   2 |  814.5 |
   Elven Halls |    383 |    383 |      0 |    126 |     55 |   1 |  383.0 |
        Bazaar |    248 |    248 |      0 |    100 |     20 |   1 |  248.0 |
       Ossuary |    260 |    260 |      0 |     81 |    112 |   1 |  260.0 |
      Gauntlet |    419 |    419 |      0 |      8 |      0 |   1 |  419.0 |
               +--------+--------+--------+--------+--------+-----+--------+

Top non-repeatable levels by time:
     D:2: 2017 daAuts
     D:7: 1986 daAuts
     D:9: 1818 daAuts
  Lair:6: 1531 daAuts
 Snake:4: 1483 daAuts
     D:8: 1472 daAuts
 Snake:1: 1397 daAuts
     D:4: 1381 daAuts
    D:11: 1221 daAuts
     D:3: 1212 daAuts
  Lair:3: 1208 daAuts
    D:10: 1188 daAuts
  Lair:4: 1183 daAuts
   Orc:2: 1174 daAuts
     D:1: 1171 daAuts
